 Dungeon Crawl Stone Soup version 0.26.0-11-g8f856b5395 (webtiles) character file.

Game seed: 1131403263901824127

73 Delamore the Chucker (level 4, -2/28 HPs)
             Began as a Gargoyle Hunter on Jan 15, 2021.
             Slain by Sigmund
             ... wielding a +0 scythe
              (6 damage)
             ... on level 2 of the Dungeon.
             The game lasted 00:01:49 (2367 turns).

Delamore the Chucker (Gargoyle Hunter)              Turns: 2367, Time: 00:01:50

Health: -2/28      AC:  9    Str: 17    XL:     4   Next: 27%
Magic:  0/4        EV: 11    Int: 11    God:
Gold:   50         SH:  0    Dex: 10    Spells: 3/3 levels left

rFire    . . .     SeeInvis .   g - +0 club
rCold    . . .     Faith    .   (no shield)
rNeg     + . .     Spirit   +   o - +0 ring mail
rPois    ∞         Reflect  .   (no helmet)
rElec    +         Harm     .   (no cloak)
rCorr    .         Rampage  .   (no gloves)
Will     .....                  (no boots)
Stlth    +.........             n - amulet of guardian spirit
HPRegen  0.09/turn              (no ring)
MPRegen  0.09/turn              (no ring)

@: brilliant
A: negative energy resistance 1, electricity resistance, unbreathing,
petrification resistance, miasma immunity, AC +3
a: no special abilities


You were on level 2 of the Dungeon.
You visited 1 branch of the dungeon, and saw 3 of its levels.

You collected 50 gold pieces.

Inventory:

Hand Weapons
 a - a +0 short sword
 g - a +0 club (weapon)
Missiles
 c - a javelin (quivered)
 d - 2 throwing nets
Armour
 b - a +0 leather armour
 o - a +0 ring mail (worn)
Jewellery
 n - an amulet of guardian spirit (around neck)
Scrolls
 e - a scroll of identify {unknown}
 f - a scroll of enchant weapon {unknown}
 h - a scroll of magic mapping {unknown}
 j - a scroll of fog {unknown}
 k - a scroll of teleportation {unknown}
 l - a scroll of remove curse {unknown}
 m - a scroll of immolation {unknown}


   Skills:
 + Level 3.3 Fighting
 + Level 2.0 Maces & Flails
 - Level 3.6 Throwing
 + Level 2.1 Armour
 - Level 1.5 Dodging
 - Level 1.1 Stealth


You had 3 spell levels left.
You didn't know any spells.
Your spell library was empty.

Dungeon Overview and Level Annotations

Branches:
Dungeon (3/15)

Altars:

Annotations:
D:2 Sigmund


Innate Abilities, Weirdness & Mutations

You are resistant to torment.
Your stone body is resilient. (AC +3)
You are immune to poison.
You resist negative energy. (rN+)
You are resistant to electric shocks. (rElec)
You can survive without breathing.
You are immune to petrification.
You are immune to miasma.


Message History

* * * LOW HITPOINT WARNING * * *
You barely miss Sigmund.
Sigmund is severely wounded.
The adder bites you but does no damage. Sigmund closely misses you.
The adder barely misses you.
You hit Sigmund.
Sigmund is severely wounded.
The adder bites you but does no damage. Sigmund gestures at you while chanting.
The puff of flame hits you.
* * * LOW HITPOINT WARNING * * *
You closely miss Sigmund.
Sigmund is severely wounded.
The adder closely misses you.
Sigmund casts a spell at himself.
Sigmund flickers and vanishes!
Deactivating autopickup; reactivate with Ctrl-A.
The adder bites you but does no damage.
You hit something. The adder closely misses you. Something hits you!
You die...

######### #.......).)..........#
........#####.##.#.##.##########
........'......#.#.#...)...#
........######.#.#.#######.#
........# #.#.#.# #.# .....<..#
#.....# #.# ......(.# #...####
#.# .......(# #......# #.#
......(.# ##.@##.# #.# #########
####{S#.# ###.# #.....#.####.#.#
#............#.#
#..........#.#.#
#.<....###.#.#.# #...(#[#
#.#.#.# #....#..##.#...#
........#.>...#####


You could see an adder.

Vanquished Creatures
  2 adders (D:2)
  2 oozes (D:1)
  A worm (D:2)
  A dart slug (D:1)
  5 goblins
  8 hobgoblins (D:1)
  2 jackals (D:1)
  6 kobolds
  5 bats (D:1)
  3 frilled lizards
  4 rats
39 creatures vanquished.

Notes
Turn   | Place    | Note
-------+----------+-------------------------------------------
     0 | D:1      | Delamore the Gargoyle Hunter began the quest for the Orb.
     0 | D:1      | Reached XP level 1. HP: 12/12 MP: 1/1
   151 | D:1      | Reached XP level 2. HP: 10/18 MP: 2/2
   315 | D:1      | Reached skill level 1 in Armour
   379 | D:1      | Reached skill level 1 in Maces & Flails
   759 | D:1      | Reached XP level 3. HP: 22/22 MP: 3/3
  1210 | D:2      | Noticed Sigmund
  1487 | D:2      | Reached XP level 4. HP: 11/28 MP: 4/4
  2367 | D:2      | Slain by Sigmund

Illustrated notes

Levels and vault maps discovered:
D:1:      tarquinn_simple_flora_water_e, layout_basic
D:2:      layout_basic, uniq_sigmund
D:3:      layout_basic, lemuel_crystal_altar, uniq_jessica

Skill      XL: |  1  2  3  4 |
---------------+-------------+-----
Armour         | 1 2 |  2.1
Maces & Flails | 1 2 |  2.0
Fighting       | 3 |  3.3
Throwing       | |  3.6
Dodging        | |  1.5
Stealth        | |  1.1

Action                   |  1- 3 |  4- 6 || total
-------------------------+-------+-------++-------
Melee: Club              |   187 |    39 ||   226
       Short sword       |     5 |       ||     5
Throw: Javelin           |       |     6 ||     6
  Use: Potion            |       |     1 ||     1
 Stab: Sleeping          |     1 |       ||     1
Armor: Leather armour    |    98 |     3 ||   101
       Ring mail         |       |    12 ||    12
Dodge: Dodged            |   177 |    38 ||   215
